 Dungeon Crawl Stone Soup version 0.25-a0-737-g26c3a87c45 (webtiles) character file.

Game seed: 3484867572394253390, levelgen mode: deterministic

161471 Glundar the Tortoise (level 17, -4/158 HPs)
             Began as a Minotaur Fighter on Apr 11, 2020.
             Was the Champion of Okawaru.
             Slain by the 27-headed Lernaean hydra (9 damage)
             ... on level 3 of the Swamp on Apr 12, 2020.
             The game lasted 03:49:54 (32938 turns).

Glundar the Tortoise (Minotaur Fighter)            Turns: 32938, Time: 03:49:55

Health: -4/158     AC: 35    Str: 31    XL:     17   Next: 20%
Magic:  16/16      EV: 11    Int:  5    God:    Okawaru [******]
Gold:   1360       SH: 22    Dex:  7    Spells: 16/16 levels left

rFire    . . .     SeeInvis +   c - +2 demon trident (venom)
rCold    + . .     Gourm    +   Y - +0 tower shield {rN+}
rNeg     + . .     Faith    .   N - +8 plate armour of Asizoto {rCorr Dex-3 SInv}
rPois    +         Spirit   .   G - +0 hat
rElec    +         Reflect  .   e - +1 cloak of Starlight {rElec rC+ EV+4 Stlth--}
rCorr    +         Harm     .   K - +1 pair of gloves
MR       +....                  w - +2 pair of boots {Stlth+}
Stlth    ..........             k - amulet of the gourmand
HPRegen  0.36/turn              o - ring of poison resistance
MPRegen  0.15/turn              C - +3 ring of strength

@: mighty
A: retaliatory headbutt, horns 2
a: Heroism, Finesse, Renounce Religion


You were on level 3 of the Swamp.
You worshipped Okawaru.
Okawaru was exalted by your worship.
You were very full.

You visited 5 branches of the dungeon, and saw 28 of its levels.
You visited 1 bazaar.
You also visited: Ice Cave.

You collected 2689 gold pieces.
You spent 1329 gold pieces at shops.

Inventory:

Hand Weapons
 a - a +6 vampiric broad axe
 b - a +2 vorpal fustibalus
 c - a +2 demon trident of venom (weapon)
 p - the +3 sling "Punk" {acid, rCorr}
   (Okawaru gifted it to you on level 15 of the Dungeon)

   It provides partial protection from all sources of acid and corrosion.
 V - the +6 shillelagh "Devastator" {shatter}
   (You found it on level 9 of the Dungeon)
Missiles
 y - 347 sling bullets
 B - 15 curare-tipped darts (quivered)
 F - 109 poisoned darts
Armour
 e - the +1 cloak of Starlight (worn) {rElec rC+ EV+4 Stlth--}
   (You found it on level 6 of the Lair of Beasts)

   It affects your evasion (+4).
   It protects you from cold.
   It insulates you from electricity.
   It makes you much less stealthy.
 g - a scarf of resistance
 u - a +0 animal skin
 w - a +2 pair of boots of stealth (worn)
 G - a +0 hat (worn)
 K - a +1 pair of gloves (worn)
 N - the +8 plate armour of Asizoto (worn) {rCorr Dex-3 SInv}
   (You bought it in a shop on level 2 of the Orcish Mines)

   It affects your dexterity (-3).
   It lets you see invisible.
   It provides partial protection from all sources of acid and corrosion.
 Y - a +0 tower shield of positive energy (worn)
Jewellery
 k - an amulet of the gourmand (around neck)
 l - an uncursed ring of resist corrosion
 o - a ring of poison resistance (left hand)
 C - a +3 ring of strength (right hand)
 E - an uncursed ring of positive energy
 H - an uncursed ring of protection from fire
 I - an uncursed ring of protection from cold
Wands
 d - a wand of paralysis (10)
 m - a wand of enslavement (7)
 t - a wand of iceblast (20)
 L - a wand of flame (74)
 Q - a wand of digging (12)
 Z - a wand of disintegration (20)
Scrolls
 i - 5 scrolls of blinking
 j - 9 scrolls of teleportation
 n - 5 scrolls of fear
 r - a scroll of brand weapon
 s - 4 scrolls of magic mapping
 v - 12 scrolls of remove curse
 x - 3 scrolls of enchant weapon
 A - 3 scrolls of enchant armour
 R - a scroll of identify
 X - 3 scrolls of acquirement
Potions
 h - 5 potions of flight
 q - a potion of ambrosia
 z - 6 potions of berserk rage
 D - 7 potions of curing
 J - 6 potions of lignification
 M - 3 potions of cancellation
 O - 5 potions of might
 P - 4 potions of haste
 S - 3 potions of stabbing
 T - a potion of resistance
 U - 4 potions of mutation
 W - 5 potions of invisibility
Comestibles
 f - 43 rations


   Skills:
 + Level 16.0 Fighting
 + Level 16.9 Axes
 - Level 14.0 Slings
 + Level 17.1 Armour
 + Level 17.1 Shields


You had 16 spell levels left.
You didn't know any spells.
Your spell library contained the following spells:

 Spells                   Type           Power        Failure   Level  Hunger
 Animate Skeleton         Necr           N/A          100%        1    ##.....
 Beastly Appendage        Tmut           #.....       100%        1    ##.....
 Corona                   Hex            #......      100%        1    ##.....
 Foxfire                  Conj/Fire      #...         100%        1    ##.....
 Freeze                   Ice            #...         100%        1    ##.....
 Magic Dart               Conj           #...         100%        1    ##.....
 Pain                     Necr           #...         100%        1    ##.....
 Summon Small Mammal      Summ           #...         100%        1    ##.....
 Blink                    Tloc           N/A          100%        2    ###....
 Call Imp                 Summ           #.......     100%        2    ###....
 Slow                     Hex            #.......     100%        2    ###....
 Sticks to Snakes         Tmut           #.......     100%        2    ###....
 Call Canine Familiar     Summ           #.......     100%        3    ####...
 Conjure Flame            Conj/Fire      #.......     100%        3    ####...
 Frozen Ramparts          Ice            #.....       100%        3    ####...
 Inner Flame              Hex/Fire       #.......     100%        3    ####...
 Mephitic Cloud           Conj/Pois/Air  #.......     100%        3    ####...
 Ozocubu's Armour         Chrm/Ice       #.......     100%        3    ####...
 Portal Projectile        Hex/Tloc       #.....       100%        3    ####...
 Recall                   Summ/Tloc      N/A          100%        3    ####...
 Summon Guardian Golem    Hex/Summ       #.......     100%        3    ####...
 Vampiric Draining        Necr           #.........   100%        3    ####...
 Animate Dead             Necr           N/A          100%        4    #####..
 Cause Fear               Hex            #.........   100%        4    #####..
 Hailstorm                Conj/Ice       #.......     100%        4    #####..
 Ice Form                 Ice/Tmut       #.......     100%        4    #####..
 Leda's Liquefaction      Hex/Erth       #.........   100%        4    #####..
 Summon Ice Beast         Ice/Summ       #.......     100%        4    #####..
 Summon Lightning Spire   Summ/Air       #.......     100%        4    #####..
 Agony                    Necr           #.......     100%        5    ######.
 Blade Hands              Tmut           #.........   100%        5    ######.
 Borgnjor's Vile Clutch   Necr/Erth      #.........   100%        5    ######.
 Fireball                 Conj/Fire      #.........   100%        5    ######.
 Metabolic Englaciation   Hex/Ice        #.........   100%        5    ######.
 Death Channel            Necr           #.........   100%        6    #######
 Freezing Cloud           Conj/Ice/Air   #.........   100%        6    #######
 Ozocubu's Refrigeration  Ice            #.........   100%        6    #######
 Simulacrum               Ice/Necr       #.........   100%        6    #######


Dungeon Overview and Level Annotations

Branches:
Dungeon (15/15) Temple (1/1) D:6 Lair (6/6) D:11 Swamp (4/4) Lair:4 Spider (0/4) Lair:2 Slime (0/5) Lair:5 Orc (2/2) D:10 Elf (0/3) Orc:2 Vaults (0/5) D:12 D:13 Depths (0/5) D:15 IceCv (visited)

Altars:
Ashenzari
Cheibriados
Dithmenos
Elyvilon
Fedhas
Gozag
Hepliaklqana
Kikubaaqudgha
Makhleb
Nemelex Xobeh
Okawaru
Qazlal
Ru
Sif Muna
Trog
Uskayaw
Vehumet
Wu Jian
Xom
Yredelemnul
Zin
The Shining One

Shops:
D:6 *}*[   D:11 (   Orc:1 (*   Orc:2 [(%}

Portals:
Abyss: Lair:3
Trove: D:10 (give +5 demon trident)

Annotations:
D:15 3 runed translucent doors, exclusion: 3 doors, Guasilat's ghost, journeyman MiFi
Lair:3 2 transporters, Fynoohai's ghost, journeyman DrAE
Swamp:3 Lernaean hydra


Innate Abilities, Weirdness & Mutations

You reflexively headbutt those who attack you in melee.
You have a pair of horns on your head.


Message History

Your +2 demon trident of venom begins to drip with poison!
c - a +2 demon trident of venom (weapon)
The 27-headed Lernaean hydra bites you but does no damage.
You block the 27-headed Lernaean hydra's attack.
The 27-headed Lernaean hydra bites you but does no damage.
The 27-headed Lernaean hydra closely misses you.
You block the 27-headed Lernaean hydra's attack.
The 27-headed Lernaean hydra bites you but does no damage.
The 27-headed Lernaean hydra bites you!
* * * LOW HITPOINT WARNING * * *
The 27-headed Lernaean hydra bites you but does no damage. x5
The 27-headed Lernaean hydra barely misses you.
The 27-headed Lernaean hydra bites you!
* * * LOW HITPOINT WARNING * * *
You block the 27-headed Lernaean hydra's attack.
The 27-headed Lernaean hydra misses you.
The 27-headed Lernaean hydra bites you but does no damage.
You block the 27-headed Lernaean hydra's attack.
The 27-headed Lernaean hydra bites you!
You die...

§≈≈♣♣.≈≈.≈≈.≈♣..≈≈♣ ♣♣..≈♣.≈=≈≈
♣≈)♣♣.≈≈≈≈≈≈≈§§.≈≈♣ ♣♣....♣...
≈≈.♣♣≈≈.≈≈≈≈≈≈≈≈≈.♣ ♣♣...≈.♣.♣.
.♣♣♣♣.≈.≈≈≈≈≈♣≈≈≈♣♣ ♣♣.≈..≈.♣♣..
.≈.≈≈.§....≈≈≈♣♣.♣ ♣.≈≈..≈.♣♣..
.≈≈.≈≈.≈.≈..♣≈..≈♣♣ ♣♣...♣≈.♣♣..
######.≈.≈≈..≈..≈≈♣ ♣♣....≈♣.♣♣♣≈
.#.#.#.≈§≈≈≈.≈[.≈♣♣♣♣.≈≈..≈≈.♣ ♣.
[....#..≈≈≈≈≈≈≈D@♣♣♣≈.≈≈.≈≈≈≈♣♣♣≈
#[...'.≈.≈≈≈♣[♣≈..[≈≈≈≈≈≈.≈≈≈≈♣♣≈
.....'...≈≈≈≈.≈≈≈≈.≈≈≈.≈≈♣.♣♣≈♣.≈
#....'..≈..≈.....[≈≈...≈...♣♣≈.♣.
)....#...≈.≈≈.≈≈≈≈..≈≈≈♣≈≈§♣♣≈..♣
.#.#.#.≈≈≈.≈≈...§≈.♣≈.≈≈....≈≈≈..
######..≈≈.≈≈≈.≈≈≈♣♣....≈≈...≈≈≈<
♣♣♣.≈≈.≈..≈≈♣.♣≈♣♣♣♣≈..≈≈≈≈...≈.
♣♣≈..≈≈.≈≈≈≈.....♣♣♣♣♣≈≈≈..≈≈.≈≈.


You could see the 27-headed Lernaean hydra.

Vanquished Creatures
  Jorgrun (Swamp:2)
  A tentacled monstrosity (Swamp:3)
  Agnes (D:15)
  Kirke (D:14)
  A tengu reaver (D:12)
  The ghost of Esebbu the Spear-Bearer, an adept DsAK of Lugonu (Swamp:2)
  A frost giant (IceCv)
  An orc warlord (Orc:2)
  A very ugly thing (Swamp:2)
  A war gargoyle (D:12)
  4 dire elephants (Lair:6)
  3 shambling mangroves
  21 hydras
  An anaconda (Lair:6)
  An ogre mage (D:15)
  5 centaur warriors
  13 alligators
  12 two-headed ogres
  A tengu warrior (D:12)
  3 orc high priests (Orc:2)
  Urug (D:13)
  9 death yaks
  Sonja (D:13)
  An unseen horror (D:13)
  6 skeletal warriors
  5 spriggan druids
  An unseen horror (shapeshifter) (D:13)
  A wizard (D:12)
  11 swamp dragons
  2 phantasmal warriors
  4 orc knights (Orc:2)
  An iron dragon zombie (D:15)
  A necromancer (D:15)
  2 oklob plants (Lair:1)
  A wolf spider (D:12)
  6 orc sorcerers
  A deep elf mage (D:14)
  4 manticores
  4 cyclopes
  12 ugly things
  A sphinx skeleton (D:15)
  A torpor snail (Lair:4)
  4 elephants (Lair:6)
  A black mamba (Lair:2)
  A spectral spriggan (Swamp:4)
  A centaur zombie (D:13)
  Maggie (D:6)
  2 gargoyles
  5 rime drakes
  18 spiny frogs
  A yaktaur zombie (D:15)
  3 efreet
  5 komodo dragons
  A yaktaur (D:12)
  2 guardian mummies
  A queen bee (shapeshifter) (D:12)
  6 trolls
  16 polar bears
  6 blink frogs (Lair:4)
  A spectral swamp dragon (Swamp:3)
  13 hornets
  A jumping spider (Lair:2)
  4 tyrant leeches
  23 slime creatures
  8 bog bodies
  20 hippogriffs
  A centaur simulacrum (D:15)
  A spectral tyrant leech (Swamp:3)
  Sigmund (Temple)
  A deep troll zombie (D:15)
  3 spriggans
  4 wyverns
  47 yaks
  3 wraiths
  A redback (Lair:2)
  4 shadows
  16 humans (D:12)
  A basilisk (shapeshifter) (D:15)
  Eustachio (D:3)
  8 basilisks
  A fire elemental (D:14)
  2 hogs (D:14)
  4 hungry ghosts
  17 vampire mosquitoes
  7 wargs
  An acid dragon (D:15)
  9 insubstantial wisps (Swamp:2)
  13 swamp worms
  3 hell hounds (D:14)
  15 water moccasins
  5 porcupines
  10 swamp drakes
  A spectral blink frog (Swamp:4)
  22 orc warriors
  A phantom (D:6)
  3 black bears
  3 necrophages (D:14)
  6 ice beasts
  An eye of draining (D:10)
  3 sky beasts
  9 wolves (IceCv)
  8 ogres
  16 centaurs
  An alligator simulacrum (Swamp:3)
  13 crocodiles
  A spriggan simulacrum (Swamp:3)
  17 bullfrogs
  Blork the orc (D:5)
  A wyvern zombie (D:10)
  An elf skeleton (D:14)
  2 spiny frog simulacra (Swamp:3)
  4 scorpions
  A swamp dragon simulacrum (Swamp:3)
  15 killer bees
  A howler monkey (D:12)
  20 wights
  7 crimson imps
  2 bullfrog zombies
  9 hounds
  5 jellies
  35 orc wizards
  5 human zombies (D:14)
  18 orc priests
  Crazy Yiuf (D:6)
  4 bullfrog skeletons
  8 centaur skeletons
  A gnoll shaman (D:10)
  Ijyb (D:4)
  A spectral swamp drake (Swamp:4)
  2 iguanas
  9 worker ants
  2 killer bee zombies
  An ogre skeleton (D:14)
  2 hound skeletons
  A howler monkey zombie (D:6)
  2 worker ant zombies
  12 gnolls
  14 adders
  4 shadow imps
  12 white imps (D:14)
  3 adder skeletons
  5 worms
  2 dart slugs (D:2)
  14 leopard geckos
  85 orcs
  3 ball pythons
  9 giant cockroaches
  6 goblins
  4 hobgoblins
  4 jackals
  4 quokkas
  10 bats
  7 frilled lizards
  A jackal skeleton (D:7)
  8 kobolds
  An orc skeleton (D:14)
  A quokka zombie (D:8)
  8 rats
  4 fungi
  3 plants (Lair:6)
964 creatures vanquished.

Vanquished Creatures (others)
  A polar bear (IceCv)
  4 humans (D:14)
  3 wolves (IceCv)
  A bullfrog skeleton (D:13)
  2 fungi
  32 plants
  6 withered plants (D:15)
49 creatures vanquished.

Grand Total: 1013 creatures vanquished

Notes
Turn   | Place    | Note
-------+----------+-------------------------------------------
     0 | D:1      | Glundar the Minotaur Fighter began the quest for the Orb.
     0 | D:1      | Reached XP level 1. HP: 19/19 MP: 0/0
   311 | D:1      | Reached XP level 2. HP: 25/27 MP: 1/1
   863 | D:2      | Reached XP level 3. HP: 28/33 MP: 2/2
   934 | D:2      | Noticed a centaur
   944 | D:2      | Killed a centaur
   944 | D:2      | Reached skill level 1 in Slings
   944 | D:2      | Reached XP level 4. HP: 4/40 MP: 3/3
  1471 | D:2      | Noticed a bullfrog
  1532 | D:2      | Reached XP level 5. HP: 36/46 MP: 4/4
  2024 | D:3      | Reached skill level 5 in Shields
  2108 | D:3      | Reached skill level 5 in Armour
  2424 | D:3      | Found a faded altar of an unknown god.
  2437 | D:3      | Reached XP level 6. HP: 51/52 MP: 5/5
  2993 | D:3      | Found a shadowy altar of Dithmenos.
  3017 | D:3      | Noticed a water elemental
  3019 | D:3      | Found a stormy altar of Qazlal.
  3020 | D:3      | Noticed a fire elemental
  3020 | D:3      | Noticed an air elemental
  3317 | D:4      | Found an ornate altar of the Wu Jian Council.
  3407 | D:4      | Noticed Eustachio
  3454 | D:3      | Killed Eustachio
  3454 | D:3      | Reached skill level 5 in Axes
  3454 | D:3      | Reached XP level 7. HP: 33/58 MP: 6/6
  3788 | D:4      | Found a snail-covered altar of Cheibriados.
  3788 | D:4      | Found a bloodstained altar of Trog.
  3936 | D:5      | Entered Level 5 of the Dungeon
  4077 | D:5      | Noticed Ijyb
  4090 | D:4      | Killed Ijyb
  4256 | D:5      | Found a hazy altar of Hepliaklqana.
  4791 | D:6      | Found Peklaom's Armour Shop.
  4834 | D:6      | Reached XP level 8. HP: 61/66 MP: 7/7
  4947 | D:6      | Noticed Maggie
  5036 | D:6      | Killed Maggie
  5036 | D:6      | Reached skill level 5 in Slings
  5150 | D:6      | Found Zuciacuu's Gadget Shop.
  5180 | D:6      | Noticed Sigmund
  5331 | D:6      | Noticed Blork the orc
  5500 | D:5      | Killed Blork the orc
  5599 | D:6      | Found Goutocey's Assorted Antiques.
  5614 | D:6      | Bought a scroll labeled TACHAMOHOR for 29 gold pieces
  5705 | D:6      | Reached XP level 9. HP: 71/71 MP: 8/8
  5731 | D:6      | Found a staircase to the Ecumenical Temple.
  5742 | Temple   | Entered the Ecumenical Temple
  5803 | Temple   | Became a worshipper of Warmaster Okawaru
  5872 | Temple   | Killed Sigmund
  6006 | D:6      | Found Wiyralof's General Store.
  6009 | D:6      | Bought a scroll of remove curse for 36 gold pieces
  6009 | D:6      | Bought a scroll of remove curse for 36 gold pieces
  6009 | D:6      | Bought a scroll of fear for 42 gold pieces
  6087 | D:6      | Got an ichor-stained chain mail
  6098 | D:6      | Identified the +6 chain mail of Elitism {Int-2 Dex+9} (You
                  | found it on level 6 of the Dungeon)
  6170 | D:6      | Reached * piety under Okawaru
  6264 | D:6      | Found a runed translucent door.
  6265 | D:6      | Noticed Crazy Yiuf
  6269 | D:6      | Killed Crazy Yiuf
  6511 | D:6      | Reached skill level 5 in Fighting
  7036 | D:7      | Found a sparkling altar of Nemelex Xobeh.
  7183 | D:7      | Found a glowing silver altar of Zin.
  7183 | D:7      | Found Zin's Purification Station.
  7191 | D:7      | Bought a potion of curing for 90 gold pieces
  7284 | D:6      | Found a hide-covered altar of Uskayaw.
  7338 | D:8      | Reached ** piety under Okawaru
  7342 | D:8      | Found a shimmering altar of Xom.
  7352 | D:8      | Found a radiant altar of Vehumet.
  7603 | D:8      | Reached XP level 10. HP: 77/83 MP: 9/9
  7840 | D:8      | Found a radiant altar of Vehumet.
  8083 | D:8      | Reached *** piety under Okawaru
  9021 | D:9      | Reached skill level 10 in Shields
  9026 | D:9      | Reached skill level 10 in Armour
  9106 | D:9      | Reached **** piety under Okawaru
  9220 | D:9      | Found a shattered altar of Ashenzari.
  9400 | D:9      | Found the +6 shillelagh "Devastator" {shatter}
  9657 | D:9      | Found the +5 scythe "Finisher" {speed, eviscerate}
  9742 | D:10     | Entered Level 10 of the Dungeon
  9742 | D:10     | Noticed a manticore
  9771 | D:10     | Got a slimy hand axe
  9779 | D:10     | Identified the +9 hand axe "Earthworm" {speed, Dex+7
                  | Stlth-} (You found it on level 10 of the Dungeon)
  9842 | D:10     | Received a gift from Okawaru
 10104 | D:10     | Killed a manticore
 10104 | D:10     | Reached skill level 10 in Axes
 10104 | D:10     | Reached XP level 11. HP: 90/93 MP: 10/10
 10250 | D:10     | Found a staircase to the Orcish Mines.
 10305 | D:10     | Reached ***** piety under Okawaru
 10326 | D:10     | Received a gift from Okawaru
 10560 | D:10     | Found a portal to a secret trove of treasure.
 11088 | D:10     | Received a gift from Okawaru
 11136 | D:11     | Noticed a red ugly thing
 11158 | D:11     | Killed a red ugly thing
 11295 | D:11     | Noticed a red ugly thing
 11302 | D:11     | Noticed a two-headed ogre
 11305 | D:11     | Noticed a brown ugly thing
 11306 | D:11     | Killed a red ugly thing
 11306 | D:11     | Received a gift from Okawaru
 11326 | D:10     | Killed a two-headed ogre
 11326 | D:10     | Received a gift from Okawaru
 11460 | D:10     | Killed a brown ugly thing
 11633 | D:11     | Found a staircase to the Lair.
 11814 | D:11     | Found Revyk's Antique Weapon Boutique.
 12409 | D:12     | Noticed a wolf spider
 12409 | D:12     | Noticed a skeletal warrior
 12431 | D:12     | Killed a wolf spider
 12431 | D:12     | Reached XP level 12. HP: 93/105 MP: 11/11
 12444 | D:12     | Reached skill level 10 in Slings
 12582 | D:12     | Received a gift from Okawaru
 12639 | D:12     | Noticed a tengu reaver
 12642 | D:12     | Noticed a war gargoyle
 12652 | D:12     | Killed a war gargoyle
 13165 | D:12     | Reached skill level 10 in Fighting
 13336 | D:12     | Noticed a tengu warrior
 13365 | D:12     | Killed a tengu warrior
 13365 | D:12     | Received a gift from Okawaru
 13439 | D:12     | Identified the +1 robe of Muumpux {Stlth+}
 13541 | D:12     | Noticed a two-headed ogre
 13553 | D:12     | Killed a tengu reaver
 13553 | D:12     | Reached ****** piety under Okawaru
 13559 | D:12     | Killed a two-headed ogre
 14472 | D:13     | Found a gate to the Vaults.
 14472 | D:13     | Noticed a centaur warrior
 14472 | D:13     | Noticed a two-headed ogre
 14472 | D:13     | Noticed Urug
 14520 | D:12     | Reached XP level 13. HP: 115/115 MP: 12/12
 14725 | D:12     | Received a gift from Okawaru
 14975 | D:13     | Killed Urug
 15129 | D:13     | Noticed Sonja
 15325 | D:13     | Found a flickering gateway to a bazaar.
 15340 | Bazaar   | Entered a bazaar
 15345 | Bazaar   | Found Ovaox's Book Shop.
 15359 | Bazaar   | Found Saickial's Gadget Shop.
 15785 | D:13     | Killed Sonja
 15852 | D:14     | Found a frozen archway.
 15918 | IceCv    | Entered an ice cave
 16557 | IceCv    | Noticed a frost giant
 16571 | IceCv    | Received a gift from Okawaru
 16593 | IceCv    | Killed a frost giant
 16595 | IceCv    | Received a gift from Okawaru
 16667 | IceCv    | Identified the Compendium of Snow
 17087 | D:14     | Found an opulent altar of Gozag.
 17191 | D:14     | Noticed Kirke
 17218 | D:14     | Reached XP level 14. HP: 126/126 MP: 13/13
 17247 | D:14     | Killed Kirke
 17247 | D:14     | Received a gift from Okawaru
 17247 | D:14     | Received a gift from Okawaru
 17828 | D:14     | Found a basalt altar of Yredelemnul.
 17874 | D:15     | Entered Level 15 of the Dungeon
 18422 | D:15     | Found a staircase to the Depths.
 18464 | D:15     | Received a gift from Okawaru
 18465 | D:15     | Found the +3 sling "Punk" {acid, rCorr}
 18614 | D:15     | Noticed a frost giant
 18617 | D:15     | Noticed a vampire knight
 18636 | D:15     | Noticed Guasilat's ghost (journeyman MiFi)
 18638 | D:15     | Upgraded the game from 0.25-a0-734-g73332aeda9 to
                  | 0.25-a0-737-g26c3a87c45
 18654 | D:15     | Found a runed translucent gate.
 18655 | D:15     | Found a runed translucent gate.
 18655 | D:15     | Found a runed translucent gate.
 19070 | D:15     | Received a gift from Okawaru
 19156 | D:15     | Noticed Agnes
 19169 | D:15     | Killed Agnes
 19586 | Lair:1   | Entered Level 1 of the Lair of Beasts
 19779 | Lair:1   | Received a gift from Okawaru
 20057 | Lair:1   | Identified a scroll of acquirement
 20188 | Lair:1   | Reached skill level 15 in Shields
 20428 | Lair:1   | Reached XP level 15. HP: 137/137 MP: 14/14
 20452 | Lair:1   | Reached skill level 15 in Armour
 20894 | Lair:2   | Found a hole to the Spider Nest.
 21085 | Lair:2   | Received a gift from Okawaru
 21582 | Lair:2   | Received a gift from Okawaru
 22007 | Lair:3   | Reached skill level 15 in Axes
 22274 | Lair:3   | Found a transporter.
 22276 | Lair:3   | Found a transporter.
 22387 | Lair:3   | Noticed Fynoohai's ghost (journeyman DrAE)
 22388 | Lair:3   | Found a one-way gate to the infinite horrors of the Abyss.
 22389 | Lair:3   | Identified the +6 trident "Rilofeuf" {distort, Int+4 Dex+2
                  | Stlth+}
 22788 | Lair:4   | Identified Uttafof's Grimoire of Shifting Fire
 22804 | Lair:4   | Found a staircase to the Swamp.
 23505 | Lair:4   | Found a hide-covered altar of Uskayaw.
 23863 | Lair:5   | Found a staircase to the Slime Pits.
 24318 | Lair:6   | Entered Level 6 of the Lair of Beasts
 24643 | Lair:6   | Received a gift from Okawaru
 25647 | Lair:6   | Found the +1 cloak of Starlight {rElec rC+ EV+4 Stlth--}
 26087 | Orc:1    | Entered Level 1 of the Orcish Mines
 26087 | Orc:1    | Found Futonwiaz's Mass Market.
 26163 | Orc:1    | Found Tuafu's Weapon Shoppe.
 26219 | Orc:1    | Bought 13 poisoned darts for 67 gold pieces
 26774 | Orc:2    | Entered Level 2 of the Orcish Mines
 26912 | Orc:2    | Found a staircase to the Elven Halls.
 27120 | Orc:2    | Noticed an orc warlord
 27181 | Orc:2    | Killed an orc warlord
 27507 | Orc:2    | Found Hohyrr's Gadget Boutique.
 27539 | Orc:2    | Reached XP level 16. HP: 133/147 MP: 15/15
 27691 | Orc:2    | Found Imicoq's Weapon Emporium.
 27709 | Orc:2    | Found Zikeroir's Armour Emporium.
 27711 | Orc:2    | Found Xanej's Food Boutique.
 27717 | Orc:2    | Bought the +8 plate armour of Asizoto {rCorr Dex-3 SInv}
                  | for 1029 gold pieces
 28214 | Swamp:1  | Entered Level 1 of the Swamp
 28688 | Swamp:1  | Received a gift from Okawaru
 28939 | Swamp:1  | Reached skill level 15 in Fighting
 29887 | Swamp:2  | Received a gift from Okawaru
 30489 | Swamp:3  | Noticed Jorgrun
 30518 | Swamp:2  | Killed Jorgrun
 30683 | Swamp:3  | Noticed a tentacled monstrosity
 30692 | Swamp:3  | Killed a tentacled monstrosity
 31052 | Swamp:3  | Found a runed translucent gate.
 31052 | Swamp:3  | Found a runed translucent gate.
 31052 | Swamp:3  | Found a runed translucent gate.
 31060 | Swamp:3  | Noticed Esebbu's ghost (adept DsAK)
 31147 | Swamp:4  | Entered Level 4 of the Swamp
 31650 | Swamp:2  | Killed Esebbu's ghost
 31923 | Swamp:3  | Got a pitted ring mail
 31934 | Swamp:3  | Identified the cursed +1 ring mail of Foolhardiness {rF++
                  | MP+9 Str-2 Int+4} (You found it on level 3 of the Swamp)
 32616 | Swamp:4  | Reached XP level 17. HP: 111/158 MP: 16/16
 32690 | Swamp:4  | Received a gift from Okawaru
 32916 | Swamp:4  | Noticed the 27-headed Lernaean hydra
 32938 | Swamp:3  | HP: 5/158 [the 27-headed Lernaean hydra (11)]
 32938 | Swamp:3  | Slain by the 27-headed Lernaean hydra

Levels and vault maps discovered:
D:1:      saegor_arrival_miasma, layout_loops_ring, kennysheep_doodads
D:2:      layout_loops_cross, lightli_corner_chamber
D:3:      layout_loops_cross, nicolae_qazlal_style_of_elements,
          chequers_ecumenical_altar_twisty, chequers_serial_rivers_small_3,
          lemuel_statue_altar
D:4:      cheibrodos_quashed, layout_basic,
          chequers_temple_overflow_statue_of_worship, overflow_temple_1_default,
          uniq_eustachio
D:5:      layout_loops_cross, kennysheep_little_box, first_ration, uniq_ijyb
D:6:      layout_rooms, nicolae_overflow_hidden_temple,
          minmay_temple_entry_ruins, serial_shops,
          nicolae_shop_temple_entry_statues_fountains, shop,
          kennysheep_mini_moat, nicolae_shop_behind_doors, minivault_23,
          minmay_joined_circles, uniq_crazy_yiuf_cottage, uniq_sigmund,
          uniq_maggie, uniq_blork_the_orc
D:7:      layout_cave_pools, nemelex_xobeh_ov_fountains_minmay, zin_purify
D:8:      layout_rooms, grunt_temple_overflow_open, basic_altar, the_bakery,
          grunt_ministairs_3
D:9:      layout_layer_cave, evilmike_ruin_ashenzari,
          minmay_guarded_unrand_finisher
D:10:     cheibrodos_fzero, layout_rooms, minmay_orc_entry_guard_dogs,
          nicolae_trove_entry_path_of_doom
D:11:     layout_basic, lair_entry_dummy, serial_shops,
          nicolae_shop_competitors_out_of_business, gauntlet_entry_generic,
          minmay_crystal_room, minmay_misc_feat_pillars
D:12:     minmay_textured_paths, layout_loops_corners
D:13:     lemuel_upstairs_altar, layout_rooms, david_vaults_3, serial_shops,
          bzr_entry_lakeside, roderic_lattice_a, uniq_sonja
D:14:     layout_irregular_city, nicolae_gozag_seed_capital,
          portal_ice_cave_entry_imps, lemuel_mausoleum_altar_yredelemnul,
          uniq_kirke, uniq_azrael
D:15:     gammafunk_depths_entry_grave, layout_grid_maze, gammafunk_ghost_split,
          minmay_misc_feat_square, uniq_agnes
Temple:   jpeg_temple_clearing
Lair:1:   dpeg_oklob_gauntlet, layout_regular_city
Lair:2:   cheibrodos_lair_overgrown_chateau, layout_layer_cave,
          spider_nest_entry_a, serial_bayou_crossing
Lair:3:   layout_misc_corridors, gammafunk_ghost_abyssal_escape
Lair:4:   layout_roguey, minmay_swamp_entry_reptiles, lemuel_centaur_altar,
          grunt_megastairs_1
Lair:5:   layout_concentric_octagons, minmay_slime_entry_pillars
Lair:6:   due_jungle_book, layout_loops_ring
Swamp:1:  layout_basic_swamp, evilmike_swamp_ruin_house_5
Swamp:2:  layout_basic_swamp, evilmike_swamp_ruin_house_3
Swamp:3:  layout_falls_marsh, gammafunk_ghost_necromancy,
          evilmike_swamp_ruin_rubble_2, uniq_jorgrun
Swamp:4:  swamp, layout_basic_swamp, swamp_pool4
Orc:1:    layout_diamond_mine, serial_shops, shop, minmay_shop_mass
Orc:2:    st_orc_elflike, layout_diamond_mine

Skill      XL: |  1  2  3  4  5  6  7  8  9 10 11 12 13 14 15 16 17 |
---------------+----------------------------------------------------+-----
Shields        | 4 5 6 8 9 10 11 12 13 15 16 17 | 17.1
Armour         | 4 5 6 7 9 10 11 12 13 14 15 16 17 | 17.1
Axes           | 3 4 5 6 7 8 10 11 12 13 14 15 16 | 16.9
Slings         | 1 2 3 4 6 7 8 9 11 12 13 14 | 14.0
Fighting       | 6 7 9 10 12 13 14 15 16 | 16.0

Action                   |  1- 3 |  4- 6 |  7- 9 | 10-12 | 13-15 | 16-18 || total
-------------------------+-------+-------+-------+-------+-------+-------++-------
Melee: War axe           |    69 |   197 |   314 |   114 |       |       ||   694
       Headbutt          |    11 |    34 |    44 |   146 |   360 |   125 ||   720
       Hand axe          |       |       |       |   102 |       |       ||   102
       Broad axe         |       |       |       |   194 |   985 |   555 ||  1734
       Unarmed           |       |       |       |       |    28 |       ||    28
       Demon trident     |       |       |       |       |    12 |    25 ||    37
       Whip              |       |       |       |       |     3 |       ||     3
 Fire: Hunting sling     |       |    45 |    69 |   298 |       |       ||   412
       Fustibalus        |       |       |       |       |   378 |   244 ||   622
  Use: Potion            |       |     3 |     1 |     6 |     4 |     5 ||    19
       Scroll            |       |     4 |     6 |    15 |    14 |     5 ||    44
  Eat: Chunk             |       |     8 |    18 |    18 |    65 |    18 ||   127
       Ration            |       |       |       |     1 |     1 |       ||     2
Armor: Scale mail        |    37 |   104 |     4 |       |       |       ||   145
       Plate armour      |       |       |   132 |       |     5 |   314 ||   451
       Chain mail        |       |       |    88 |   201 |   391 |       ||   680
Dodge: Dodged            |    21 |    62 |    89 |   105 |   172 |   192 ||   641
Block: Kite shield       |    42 |   117 |   219 |   233 |       |       ||   611
       Tower shield      |       |       |       |    80 |  1065 |   694 ||  1839

Table legend:
 A = Non-vault XP
 B = Vault XP
 C = Vault XP percentage of total XP
 D = Non-vault monster count
 E = Vault monster count
 F = Vault count percentage of total count
                 A         B        C        D         E       F
            +---------+---------+-------+---------+---------+-------
      Total |  144624 |   86050 |  37.3 |     706 |     252 |  26.3
            +---------+---------+-------+---------+---------+-------
        D:1 |      36 |       0 |   0.0 |      24 |       0 |   0.0
        D:2 |     249 |       0 |   0.0 |      29 |       0 |   0.0
        D:3 |     225 |     197 |  46.7 |      46 |       1 |   2.1
        D:4 |     115 |      38 |  24.8 |       8 |       1 |  11.1
        D:5 |    1022 |      91 |   8.2 |      30 |       1 |   3.2
        D:6 |    1647 |     874 |  34.7 |      30 |       9 |  23.1
        D:7 |     475 |       0 |   0.0 |      11 |       0 |   0.0
        D:8 |    2839 |     433 |  13.2 |      38 |       6 |  13.6
        D:9 |     645 |     428 |  39.9 |      16 |       2 |  11.1
       D:10 |    7206 |    2577 |  26.3 |      51 |      17 |  25.0
       D:11 |    2358 |       0 |   0.0 |       9 |       0 |   0.0
       D:12 |    7095 |   12998 |  64.7 |      37 |      30 |  44.8
       D:13 |    3298 |    2541 |  43.5 |      12 |       3 |  20.0
       D:14 |   12549 |    3925 |  23.8 |      41 |      31 |  43.1
       D:15 |   17918 |    6158 |  25.6 |      33 |       9 |  21.4
     Temple |      28 |     227 |  89.0 |       2 |       1 |  33.3
     Lair:1 |    5010 |    1144 |  18.6 |      22 |       2 |   8.3
     Lair:2 |    2047 |    5928 |  74.3 |      11 |      18 |  62.1
     Lair:3 |    6497 |    1158 |  15.1 |      19 |       2 |   9.5
     Lair:4 |    6543 |    1905 |  22.5 |      22 |      12 |  35.3
     Lair:5 |    4875 |    1042 |  17.6 |       9 |       3 |  25.0
     Lair:6 |    9261 |    2827 |  23.4 |      23 |       5 |  17.9
    Swamp:1 |   13818 |       0 |   0.0 |      36 |       0 |   0.0
    Swamp:2 |   16110 |    4857 |  23.2 |      42 |       2 |   4.5
    Swamp:3 |   16862 |     907 |   5.1 |      35 |       7 |  16.7
    Swamp:4 |    1224 |   16013 |  92.9 |       3 |      26 |  89.7
      Orc:1 |    1437 |       0 |   0.0 |      32 |       0 |   0.0
      Orc:2 |    3235 |    8201 |  71.7 |      35 |      25 |  41.7
      IceCv |       0 |   11581 | 100.0 |       0 |      39 | 100.0
            +---------+---------+-------+---------+---------+-------
